 Dungeon Crawl Stone Soup version 0.20.0-10-g0535bb4 (webtiles) character file.

1698451 Setanta the Conqueror (level 27, 179/179 HPs)
             Began as a Gargoyle Fighter on May 31, 2017.
             Was the Champion of Lugonu.
             Escaped with the Orb
             ... and 3 runes on June 4, 2017!
             The game lasted 09:33:17 (86795 turns).

Setanta the Conqueror (Gargoyle Fighter)           Turns: 86795, Time: 09:33:18

Health: 179/179    AC: 65    Str: 47      XL:     27
Magic:  24/24      EV: 11    Int: 11 (14) God:    Lugonu [******]
Gold:   7431       SH: 25    Dex:  9      Spells: 33/38 levels left

rFire    + + +     SeeInvis .   h - +9 broad axe (distort)
rCold    + . .     Gourm    .   s - +5 shield {AC+3}
rNeg     + + +     Faith    .   d - +8 orange crystal plate armour {Archmagi, Int+3 Clar}
rPois    ∞         Spirit   +   U - +3 helmet "Paray" {rCorr Str+4 Dex-4}
rElec    +         Reflect  .   S - scarf {rC+ rF+}
rCorr    +         Harm     .   y - +2 pair of gloves {archery}
MR       ++++.     Clarity  +   a - +2 pair of boots {run}
Stlth    ..........             J - amulet of Toha Xuo {Spirit rPois rF+ Dex+4 Stlth+}
Regen    0.4/turn               W - ring of Berresa {rPois MR+ Str+8 Stlth+}
MPRegen  0.2/turn               X - ring "Zuuheno" {rN++ Str+6 Slay+3 Stlth-}

@: flying, quick
A: big wings, camouflage 1, deformed body, fire resistance 1, frail 1, low mp 3,
magic resistance 1, negative energy resistance 1, screaming 3, electricity
resistance, weak 1, unbreathing, petrification resistance, no potion heal 1, rot
immunity, subdued magic 1, MP-powered wands, AC +20
0: Orb of Zot
}: 3/15 runes: decaying, silver, gossamer
a: Stop Flying, Depart the Abyss, Bend Space, Banish, Corrupt, Enter the Abyss,
Renounce Religion


You escaped.
You worshipped Lugonu.
Lugonu was exalted by your worship.
You were not hungry.

You visited 13 branches of the dungeon, and saw 57 of its levels.
You visited the Abyss 2 times.
You also visited: Labyrinth, Sewer and Bailey.

You collected 8502 gold pieces.
You spent 1071 gold pieces at shops.

Inventory:

Hand Weapons
 h - a +9 broad axe of distortion (weapon)
 k - the +8 broad axe of Havoc {venom, rF+}
   (You took it off an ironheart preserver on level 5 of the Vaults)

   It poisons the flesh of those it strikes.
   It protects you from fire.
 F - the +12 spear of Patterns {flame, *Corrode rF+ MR+ Stlth+}
   (You bought it in a shop on level 4 of the Dungeon)

   It has been specially enchanted to burn those struck by it, causing extra
   injury to most foes and up to half again as much damage against particularly
   susceptible opponents.
   It protects you from fire.
   It affects your resistance to hostile enchantments.
   It may corrode you when you take damage.
   It makes you more stealthy.
 R - the +8 great sword "Gargoyle's Regret" {protect, +Fly rF+ MR-}
   (You found it on level 1 of the Tomb of the Ancients)

   It protects the one who uses it against injury (+AC on strike).
   It protects you from fire.
   It affects your resistance to hostile enchantments.
   It lets you fly.
Armour
 a - a +2 pair of boots of running (worn)
 d - the +8 orange crystal plate armour (worn) {Archmagi, Int+3 Clar}
   (You took it off an orc warlord in a bailey)

   It affects your intelligence (+3).
   It protects you against confusion.
 g - the +0 helmet "Nitexy" {+Inv Int+2}
   (You found it on level 5 of the Vaults)

   It affects your intelligence (+2).
   It lets you turn invisible.
 s - a +5 shield of protection (worn)
 w - a scarf of repulsion
 y - a +2 pair of gloves of archery (worn)
 S - a scarf of resistance (worn)
 U - the +3 helmet "Paray" (worn) {rCorr Str+4 Dex-4}
   (You acquired it in a bailey)

   It affects your strength (+4).
   It affects your dexterity (-4).
   It protects you from acid and corrosion.
Jewellery
 m - an uncursed amulet of guardian spirit
 C - a +3 amulet of reflection
 J - the amulet of Toha Xuo (around neck) {Spirit rPois rF+ Dex+4 Stlth+}
   (You found it on level 4 of the Lair of Beasts)

   [amulet of guardian spirit]

   It causes incoming damage to be split between your health and magic.
   It affects your dexterity (+4).
   It protects you from fire.
   It protects you from poison.
   It makes you more stealthy.
 Q - an uncursed ring of ice
 W - the ring of Berresa (left hand) {rPois MR+ Str+8 Stlth+}
   (You took it off a deep elf archer on level 5 of the Vaults)

   [ring of protection from magic]

   It affects your strength (+8).
   It protects you from poison.
   It affects your resistance to hostile enchantments.
   It makes you more stealthy.
 X - the ring "Zuuheno" (right hand) {rN++ Str+6 Slay+3 Stlth-}
   (You found it on level 14 of the Dungeon)

   [ring of slaying]

   It affects your strength (+6).
   It affects your accuracy and damage with ranged weapons and melee attacks
   (+3).
   It greatly protects you from negative energy.
   It makes you less stealthy.
Wands
 j - a wand of digging (21/24)
 l - a wand of digging (7/24)
 E - a wand of digging (13/24)
 T - a wand of disintegration (18/24)
Scrolls
 n - 2 scrolls of immolation
 o - 5 scrolls of identify
 q - 15 scrolls of teleportation
 v - a scroll of holy word
 x - 4 scrolls of blinking
 A - 3 scrolls of fog
 I - a scroll of fear
 K - 31 scrolls of remove curse
 N - a scroll of brand weapon
 O - 5 scrolls of enchant armour
 P - 4 scrolls of torment
 Z - 4 scrolls of recharging
Potions
 b - 3 potions of invisibility
 c - 5 potions of lignification
 i - 8 potions of agility
 r - 2 potions of resistance
 u - 4 potions of cancellation
 B - a potion of heal wounds
 D - 2 potions of berserk rage
 G - 2 potions of brilliance
 H - 4 potions of might
 L - 9 potions of curing
 V - 2 potions of haste
Miscellaneous
 e - 2 phantom mirrors
 z - a fan of gales
 M - a lamp of fire
 Y - a lightning rod (4/4)
Comestibles
 f - 27 bread rations
 p - 27 meat rations
 t - 3 royal jellies


   Skills:
 O Level 27 Fighting
 O Level 27 Polearms
   Level 2.2(20.2) Staves
 - Level 21.3 Armour
 - Level 5.0 Dodging
 - Level 5.0 Stealth
 + Level 24.5 Shields
 - Level 6.0 Spellcasting
 - Level 4.3 Charms
 - Level 4.3 Translocations
 - Level 15.1 Invocations
 - Level 16.0 Evocations


You had 33 spell levels left.
You knew the following spells:

 Your Spells              Type           Power        Failure   Level  Hunger
a - Shroud of Golubria    Chrm/Tloc      ##........   17%         2    ##.....
b - Infusion              Chrm           ##..         12%         1    None
c - Song of Slaying       Chrm           ##......     17%         2    ##.....


Dungeon Overview and Level Annotations

Branches:
Dungeon (15/15)            Temple (1/1) D:4            Lair (6/6) D:8
  Swamp (4/4) Lair:3       Spider (4/4) Lair:3        Slime (2/5) Lair:5
    Orc (2/2) D:9             Elf (3/3) Orc:2        Vaults (5/5) D:13
  Crypt (3/3) Vaults:2       Tomb (2/3) Crypt:3      Depths (5/5) D:15
    Zot (5/5) Depths:5

Altars:
Cheibriados
Dithmenos
Elyvilon
Fedhas
Hepliaklqana
Kikubaaqudgha
Makhleb
Nemelex Xobeh
Qazlal
Sif Muna
Trog
Uskayaw
Vehumet
Xom
Yredelemnul
Zin
The Shining One

Shops:
D:4 (((=   Orc:2 [(:*   Elf:1 ([[%   Elf:2 *   Elf:3 }   Vaults:1 %
Vaults:5 !   Depths:2 *

Portals:
Hell: Depths:1 Depths:2 Depths:3 Depths:4 Depths:5
Abyss: Depths:4
Pandemonium: Depths:1 Depths:3 Depths:5
Ziggurat: Depths:1


Innate Abilities, Weirdness & Mutations

You are resistant to torment.
Your stone body is resilient. (AC +20)
You are immune to poison.
Your large and strong wings let you fly indefinitely.
You resist negative energy. (rN+)
You are resistant to electric shocks. (rElec)
You can survive without breathing.
You are immune to petrification.
You are immune to rotting.
Your skin changes colour to match your surroundings (Stealth+).
Armour fits poorly on your strangely shaped body.
Your flesh is heat resistant. (rF+)
You are frail. (-10% HP)
Your magical capacity is extremely low. (-30% MP)
You are resistant to hostile enchantments. (MR+)
You frequently scream uncontrollably at your foes.
You are weak. (Str -2)
Potions are less effective at restoring your health.
Your spells are a little easier to cast, but a little less powerful.
You expend magic power (3 MP) to strengthen your wands.


Message History

The chaos spawn looks slightly unstable.
The chaos spawn is almost dead.
You slash the chaos spawn!
You kill the chaos spawn!
Lugonu accepts your kill.
The chaos spawn degenerates into a cloud of primal chaos!
Really fly into that cloud of seething chaos?
Okay, then.
You see here a hunting sling.
Your extra speed is starting to run out.
There is an open door here.
You feel yourself slow down.
A rat comes into view.
You block the rat's attack.
You chop the rat into pieces!!!
You kill the rat!
Lugonu accepts your kill.
There is an open door here.
There is a staircase leading out of the dungeon here.
You have escaped!

#..'...'.(#.######
#..#...#..#.# #
####...####.# #
#..#..†#..#.# #
#..'...'..#.# #
#..#...#..#.######
####...####.......
#..#...#.P########
#@.'...'..#
#..#..≈#..#
###########


There were no monsters in sight!

Vanquished Creatures
  7 ancient liches
  5 orbs of fire
  5 juggernauts
  13 greater mummies
  Boris (Crypt:1)
  Frederick (Tomb:1)
  2 curse toes
  2 caustic shrikes
  2 Killer Klowns (Zot:2)
  7 golden dragons
  A profane servitor (Crypt:3)
  Jory (Tomb:2)
  Nikola (Elf:3)
  4 bone dragons
  2 Brimstone Fiends
  3 electric golems
  23 tentacled monstrosities
  An Ice Fiend (Depths:3)
  A hellephant (Zot:2)
  Jorgrun (Vaults:1)
  The ghost of dxctxrx the Markscentaur, an adept CeHu of Okawaru (Vaults:1)
  8 liches
  16 Orb Guardians (Zot:5)
  2 deep elf master archers (Elf:3)
  5 acid blobs
  3 deep elf blademasters
  4 ancient champions
  10 titans
  An acid blob (shapeshifter) (Depths:5)
  6 quicksilver dragons
  7 death cobs
  10 sphinxes
  10 storm dragons
  A thorn hunter (Swamp:3)
  8 tentacled starspawn
  5 shadow dragons
  Frances (Swamp:2)
  Kirke (Lair:6)
  10 tengu reavers
  5 revenants
  5 draconian monks
  16 fire giants
  2 azure jellies
  3 draconian scorchers
  A daeva (Abyss:5)
  Louise (Depths:4)
  3 draconian knights
  5 ghost moths
  10 deep elf sorcerers
  14 vault wardens
  4 iron dragons
  15 frost giants
  5 emperor scorpions
  4 orc warlords
  6 draconian annihilators
  11 ghouls
  A cacodemon (D:6)
  3 balrugs
  3 curse skulls
  2 draconian stormcallers (Zot:1)
  2 draconian shifters
  7 deep elf elementalists
  6 spriggan defenders
  20 ironheart preservers
  3 reapers (Crypt:2)
  19 stone giants
  6 entropy weavers
  A war gargoyle (Vaults:5)
  19 very ugly things
  4 vampire knights
  10 green draconians
  4 purple draconians
  2 bennus (Tomb:2)
  13 black draconians
  7 red draconians
  12 deep elf annihilators
  5 deep elf demonologists
  2 dire elephants (Zot:2)
  12 white draconians
  7 yellow draconians
  19 spark wasps
  Snorg (D:12)
  22 ettins
  12 eidola
  A crystal guardian (Vaults:5)
  2 blizzard demons (Depths:3)
  6 fire dragons
  14 deep elf death magi
  14 mummy priests
  Josephine (D:12)
  4 minotaurs
  Harold (Lair:3)
  12 great orbs of eyes
  10 jiangshi
  26 vault guards
  11 deep elf high priests
  19 ice dragons
  23 hydras
  33 yaktaur captains
  A naga warrior (Abyss:4)
  6 rakshasas
  Fannar (D:11)
  7 spriggan air magi
  2 ghost crabs
  2 catoblepae (Depths:3)
  10 death knights
  22 ogre magi
  21 centaur warriors
  70 two-headed ogres
  A two-headed ogre (shapeshifter) (Vaults:5)
  A satyr (Abyss:4)
  7 alligators
  A queen ant (shapeshifter) (Elf:2)
  33 dancing weapons
  3 orc high priests
  13 tengu warriors
  33 death scarabs
  8 vampire magi
  12 thrashing horrors
  2 titan zombies (Crypt:3)
  19 deep troll shamans
  13 deep troll earth magi
  5 spriggan berserkers
  5 death yaks (Lair:4)
  2 soul eaters
  30 deep elf knights
  24 hell knights
  19 large abominations
  5 wretched stars
  The ghost of ReniFell the Cleaver, a novice GrGl of Okawaru (D:9)
  A titan skeleton (Abyss:2)
  40 skeletal warriors
  3 shadow wraiths
  2 sixfirhies
  A spatial maelstrom (Abyss:5)
  8 sun demons
  A spriggan druid (Swamp:1)
  A death drake (Swamp:2)
  30 deep trolls
  2 iron trolls
  A spark wasp zombie (Crypt:2)
  11 glowing orange brains
  12 flayed ghosts
  An unseen horror (shapeshifter) (Vaults:3)
  3 unseen horrors
  2 anaconda zombies (Crypt:3)
  A storm dragon skeleton (Tomb:1)
  A shambling mangrove (Swamp:3)
  The ghost of MTVSty1e the Cleaver, a novice GrMo of Okawaru (Bailey)
  15 starcursed masses
  24 deep elf archers
  5 wizards
  3 harpies (Vaults:3)
  20 phantasmal warriors
  13 swamp dragons
  20 ironbrand convokers
  21 orc knights
  7 necromancers
  3 spectral hydras (Swamp:2)
  18 orb spiders
  An iron dragon zombie (Crypt:3)
  A frost giant zombie (Crypt:3)
  A harpy (shapeshifter) (Vaults:5)
  2 wolf spider zombies
  A fire giant zombie (Vaults:5)
  A manticore (D:15)
  An orc sorcerer (D:7)
  46 ugly things
  An oklob plant (Lair:3)
  33 wolf spiders
  7 cyclopes
  3 cyclopes (shapeshifter)
  4 shining eyes
  66 deep elf magi
  2 salamanders (shapeshifter)
  14 elephants
  5 worldbinders
  An iron dragon skeleton (Crypt:2)
  3 dire elephant zombies
  2 moths of wrath (shapeshifter)
  A salamander (Depths:3)
  2 guardian serpents
  22 moths of wrath
  8 black mambas
  Joseph (D:7)
  20 vault sentinels
  A rust devil (Depths:3)
  6 gargoyles
  A hellion (Depths:3)
  20 spiny frogs
  7 smoke demons
  4 torpor snails
  A tormentor (Abyss:2)
  A rime drake (Lair:1)
  An emperor scorpion zombie (Tomb:2)
  2 orange demons
  A komodo dragon (shapeshifter) (Elf:3)
  2 kobold demonologists
  A white draconian zombie (Crypt:2)
  15 freezing wraiths
  4 efreet
  6 komodo dragons
  13 demonic crawlers
  6 swamp worm zombies (Swamp:2)
  A yaktaur (shapeshifter) (Depths:2)
  52 yaktaurs
  14 guardian mummies
  A catoblepas skeleton (Abyss:2)
  8 ancient zymes
  3 hellwings
  12 tengu conjurers
  A meliai (shapeshifter) (Depths:2)
  3 hydra zombies (Crypt:3)
  38 jumping spiders
  6 ice devils (Depths:3)
  A silent spectre (Abyss:2)
  2 polar bears
  8 trolls
  2 trolls (shapeshifter)
  A hydra skeleton (Crypt:2)
  A wind drake (shapeshifter) (Vaults:3)
  8 tyrant leeches
  28 hornets
  A hornet (shapeshifter) (Vaults:1)
  89 slime creatures
  2 raiju (shapeshifter)
  10 hippogriffs
  3 spectral swamp dragons (Swamp:2)
  7 blink frogs
  21 bog bodies
  A blink frog (shapeshifter) (Vaults:2)
  A fire giant simulacrum (Vaults:3)
  A sphinx simulacrum (Vaults:2)
  2 dream sheep (Lair:6)
  2 hippogriffs (shapeshifter)
  A snapping turtle (shapeshifter) (Elf:1)
  3 ice dragon zombies
  4 alligator zombies (Swamp:2)
  75 redbacks
  A black mamba zombie (Crypt:3)
  2 vampires
  21 raiju
  Sigmund (D:5)
  20 flying skulls
  14 spriggans
  42 yaks
  5 shadows
  35 tarantellas
  10 wyverns
  A yak (shapeshifter) (Vaults:5)
  A black mamba skeleton (Crypt:2)
  2 ynoxinuls
  8 air elementals
  2 tarantellas (shapeshifter)
  11 water elementals
  2 fire elementals (Elf:2)
  A human (shapeshifter) (Depths:1)
  A spriggan (shapeshifter) (Vaults:4)
  A golden eye (shapeshifter) (Vaults:3)
  10 ushabtiu
  18 vampire mosquitoes
  3 golden eyes (Abyss:5)
  3 hogs (Lair:6)
  5 humans (Zot:2)
  4 neqoxecs (Abyss:5)
  18 wraiths
  4 basilisks
  3 chaos spawn
  Menkaure (D:5)
  A steam dragon (D:10)
  24 wargs
  A deep troll zombie (Vaults:5)
  5 spiny frog zombies (Swamp:2)
  24 water moccasins
  A floating eye (shapeshifter) (Depths:5)
  12 insubstantial wisps
  3 soldier ants
  21 swamp worms
  2 nagas (Abyss:4)
  3 acid dragons
  5 porcupines
  3 floating eyes
  46 orc warriors
  A sky beast (shapeshifter) (Depths:3)
  A swamp dragon zombie (Crypt:1)
  12 swamp drakes
  A black bear (shapeshifter) (Depths:1)
  A snapping turtle zombie (Crypt:3)
  2 sky beasts
  A hornet zombie (Crypt:2)
  An ettin simulacrum (Vaults:5)
  6 ice beasts
  5 wolves (Lair:3)
  5 boggarts
  57 ogres
  4 phantoms
  14 necrophages
  25 centaurs
  19 crocodiles
  2 big kobolds
  17 small abominations
  An elf zombie (Crypt:1)
  23 bullfrogs
  A water moccasin zombie (Crypt:1)
  A gnoll sergeant (D:9)
  4 earth elementals
  9 wyvern skeletons (Crypt:3)
  4 scorpions
  A troll zombie (Swamp:2)
  2 spriggan zombies (Swamp:2)
  A water moccasin skeleton (D:10)
  18 killer bees
  8 wights
  4 howler monkeys
  2 electric eels
  2 bullfrog zombies
  10 crimson imps
  2 centaur zombies
  3 hounds
  3 quasits
  5 jellies
  4 bullfrog skeletons
  16 orc priests
  A centaur skeleton (D:9)
  3 iguanas
  Natasha (thrice) (D:4)
  33 orc wizards
  11 worker ants
  A deep dwarf zombie (Crypt:2)
  An acid dragon skeleton (Crypt:2)
  3 hound skeletons
  A hound zombie (D:7)
  36 mummies
  A howler monkey zombie (Crypt:1)
  7 gnolls
  14 adders
  A shadow imp (D:13)
  A swamp drake skeleton (Crypt:1)
  2 white imps (Abyss:2)
  4 ufetubi
  4 oozes
  An adder zombie (D:6)
  9 worms
  6 dart slugs
  11 leopard geckos
  141 orcs
  15 bats
  A bat zombie (Crypt:1)
  12 giant cockroaches
  12 goblins
  10 hobgoblins
  20 jackals
  4 ball pythons
  7 frilled lizards
  A jackal skeleton (D:4)
  35 kobolds
  A quokka zombie (D:6)
  7 rats
  A briar patch (Swamp:3)
  A bush (Lair:4)
  A butterfly (D:6)
  A crawling corpse (Vaults:3)
  3 fungi
  2 plants
  3 starspawn tentacles
  8 withered plants
3246 creatures vanquished.

Vanquished Creatures (collateral kills)
  the Lernaean hydra (Swamp:4)
  A red draconian (Zot:5)
  A hydra (Swamp:4)
3 creatures vanquished.

Vanquished Creatures (others)
  A Killer Klown (Zot:5)
  A tentacled monstrosity (Zot:2)
  3 Orb Guardians (Zot:5)
  A lich (Depths:1)
  2 quicksilver dragons (Zot:2)
  A shadow dragon (Zot:2)
  A storm dragon (Zot:1)
  A draconian scorcher (Zot:5)
  A ghost moth (Zot:1)
  2 draconian annihilators
  2 black draconians
  A white draconian (Zot:4)
  A red draconian (Zot:5)
  A yellow draconian (Zot:5)
  A tengu warrior (Depths:5)
  A soul eater (D:9)
  2 deep elf knights
  An ironbrand convoker (Vaults:4)
  2 moths of wrath
  A large abomination (Abyss:2)
  An elephant (Zot:2)
  A spiny frog (shapeshifter) (Depths:5)
  A guardian mummy (Tomb:2)
  2 jumping spiders (Spider:4)
  6 flying skulls (Tomb:2)
  An air elemental (Elf:3)
  A fire dragon zombie (Tomb:2)
  4 humans (Lair:6)
  An acid dragon (Vaults:2)
  A sky beast (shapeshifter) (Vaults:4)
  6 mummies (Tomb:2)
  28 fungi
  A lurking horror (Abyss:5)
  35 plants
  19 starspawn tentacles
  11 withered plants (Crypt:3)
146 creatures vanquished.

Grand Total: 3395 creatures vanquished

Notes
Turn   | Place    | Note
-------+----------+-------------------------------------------
     0 | D:1      | Setanta the Gargoyle Fighter began the quest for the Orb.
     0 | D:1      | Reached XP level 1. HP: 14/14 MP: 1/1
   346 | D:1      | Reached XP level 2. HP: 15/19 MP: 2/2
   678 | D:1      | Reached XP level 3. HP: 23/23 MP: 3/3
  1196 | D:2      | Reached XP level 4. HP: 26/28 MP: 4/4
  1362 | D:2      | Found an ancient bone altar of Kikubaaqudgha.
  1500 | D:2      | Found a hazy altar of Hepliaklqana.
  1639 | D:3      | Reached XP level 5. HP: 32/32 MP: 5/5
  1908 | D:3      | Cast into level 1 of the Abyss (orc wizard)
  1908 | Abyss:1  | Found a corrupted altar of Lugonu.
  1916 | Abyss:1  | Became a worshipper of Lugonu the Unformed
  1916 | Abyss:1  | Reached * piety under Lugonu
  1920 | Abyss:1  | Noticed an apocalypse crab
  1925 | D:3      | Escaped the Abyss
  1999 | D:3      | Found a deep blue altar of Sif Muna.
  2121 | D:3      | Reached skill level 5 in Polearms
  2370 | D:3      | Found a sparkling altar of Nemelex Xobeh.
  2739 | D:4      | Reached XP level 6. HP: 31/37 MP: 6/6
  2740 | D:4      | Found Adaf's Antique Weapon Emporium.
  2792 | D:4      | Found Tuce Dit's Weapon Emporium.
  2894 | D:4      | Found Gecroifirgh's Antique Weapon Shoppe.
  2984 | D:4      | Found Arolur's General Store.
  3001 | D:4      | Noticed a phantom
  3003 | D:4      | Noticed Natasha
  3022 | D:4      | Killed Natasha
  3038 | D:4      | Killed a phantom
  3064 | D:4      | Found Xenkiuc's Jewellery Shop.
  3133 | D:4      | Noticed Natasha
  3136 | D:4      | Killed Natasha
  3210 | D:4      | Bought a crude spear for 184 gold pieces
  3210 | D:4      | Identified the +12 spear of Patterns {flame, *Corrode rF+ MR+ Stlth+} (You bought it in a shop on level 4 of the Dungeon)
  3241 | D:4      | Noticed Natasha
  3244 | D:4      | Killed Natasha
  3244 | D:4      | Reached XP level 7. HP: 42/42 MP: 7/7
  3602 | D:4      | Found a staircase to the Ecumenical Temple.
  3615 | Temple   | Entered the Ecumenical Temple
  3700 | D:5      | Entered Level 5 of the Dungeon
  3714 | D:5      | Noticed Sigmund
  3718 | D:5      | Killed Sigmund
  3766 | D:5      | Noticed Menkaure
  3771 | D:5      | Killed Menkaure
  3771 | D:5      | Reached skill level 5 in Fighting
  3771 | D:5      | Reached XP level 8. HP: 51/51 MP: 8/8
  3860 | D:5      | Found a stormy altar of Qazlal.
  3964 | D:5      | Reached ** piety under Lugonu
  3987 | D:5      | Found a glowing drain.
  4024 | Sewer    | Entered a sewer
  4821 | D:5      | Found a snail-covered altar of Cheibriados.
  5175 | D:6      | Reached skill level 5 in Armour
  5341 | D:6      | Found a runed door.
  5353 | D:6      | Found a runed door.
  5371 | D:6      | Reached XP level 9. HP: 56/57 MP: 9/9
  5383 | D:6      | Reached *** piety under Lugonu
  5686 | D:6      | Found a glowing silver altar of Zin.
  5764 | D:6      | Found a shimmering altar of Xom.
  6018 | D:6      | Found a glowing golden altar of the Shining One.
  6544 | D:7      | Found a basalt altar of Yredelemnul.
  6552 | D:7      | Noticed Joseph
  6553 | D:7      | Reached **** piety under Lugonu
  6565 | D:7      | Killed Joseph
  6565 | D:7      | Reached XP level 10. HP: 35/66 MP: 10/10
  6567 | D:7      | Reached skill level 10 in Polearms
  6965 | D:7      | Noticed an orc knight
  6968 | D:7      | Noticed an orc sorcerer
  6980 | D:7      | Killed an orc knight
  6980 | D:7      | Reached skill level 10 in Fighting
  7003 | D:7      | HP: 3/68 [orc warrior/trident (15)]
  7005 | D:7      | Noticed an orc knight
  7007 | D:7      | HP: 1/68 [orc warrior/trident (19)]
  7166 | D:7      | Reached ***** piety under Lugonu
  7447 | D:7      | Killed an orc knight
  7447 | D:7      | Reached XP level 11. HP: 6/72 MP: 11/11
  7674 | D:7      | Paralysed by an orc sorcerer for 2 turns
  7677 | D:7      | Killed an orc sorcerer
  8505 | D:8      | Found a burning altar of Makhleb.
  8519 | D:8      | Noticed a two-headed ogre
  8532 | D:8      | Killed a two-headed ogre
  8615 | D:8      | Found a radiant altar of Vehumet.
  8619 | D:8      | Found a blossoming altar of Fedhas.
  8680 | D:8      | Found a staircase to the Lair.
  8854 | D:8      | Found a white marble altar of Elyvilon.
  9078 | Lair:1   | Entered Level 1 of the Lair of Beasts
  9251 | Lair:1   | Reached skill level 10 in Armour
  9964 | Lair:1   | Reached XP level 12. HP: 77/77 MP: 12/12
 10221 | Lair:2   | Noticed a four-headed hydra
 10229 | Lair:2   | Killed a four-headed hydra
 10965 | Lair:3   | Found a hole to the Spider Nest.
 11149 | Lair:3   | Noticed Harold
 11178 | Lair:3   | Killed Harold
 11308 | Lair:3   | Found a staircase to the Swamp.
 11481 | Lair:3   | Noticed an eight-headed hydra
 11493 | Lair:3   | Killed an eight-headed hydra
 12019 | Lair:4   | Reached skill level 1 in Spellcasting
 12101 | Lair:4   | Got a fine platinum amulet
 12103 | Lair:4   | Identified the amulet of Toha Xuo {Spirit rPois rF+ Dex+4 Stlth+} (You found it on level 4 of the Lair of Beasts)
 12135 | Lair:4   | Noticed a death yak
 12140 | Lair:4   | Noticed a death yak
 12141 | Lair:4   | Noticed a death yak
 12143 | Lair:4   | Noticed a death yak
 12148 | Lair:4   | Noticed a death yak
 12148 | Lair:4   | Killed a death yak
 12148 | Lair:4   | Reached XP level 13. HP: 77/86 MP: 17/17
 12162 | Lair:4   | Reached skill level 5 in Spellcasting
 12928 | Lair:5   | Reached skill level 1 in Invocations
 12962 | Lair:5   | Reached ****** piety under Lugonu
 13086 | Lair:5   | Found a staircase to the Slime Pits.
 13290 | Lair:5   | Reached skill level 5 in Invocations
 13491 | Lair:6   | Entered Level 6 of the Lair of Beasts
 13654 | Lair:6   | Found a labyrinth entrance.
 13744 | Lab      | Entered a labyrinth
 13816 | Lab      | Noticed a minotaur
 13826 | Lab      | Killed a minotaur
 14137 | Lair:6   | Noticed Kirke
 14166 | Lair:6   | Noticed a sphinx
 14172 | Lair:6   | Noticed a sphinx
 14174 | Lair:6   | Killed Kirke
 14174 | Lair:6   | Gained mutation: Your large and strong wings let you fly indefinitely. [Gargoyle growth]
 14174 | Lair:6   | Reached XP level 14. HP: 62/94 MP: 23/23
 15188 | Lair:6   | Learned a level 2 spell: Shroud of Golubria
 15763 | D:4      | Bought the ring of Satisfaction {rPois MR+ Str+4} for 525 gold pieces
 15997 | D:9      | Noticed ReniFell's ghost (novice GrGl)
 16015 | D:9      | Killed ReniFell's ghost
 16022 | D:9      | Reached skill level 1 in Staves
 16176 | D:9      | Found a radiant altar of Vehumet.
 16230 | D:9      | Found a staircase to the Orcish Mines.
 16620 | Orc:1    | Entered Level 1 of the Orcish Mines
 16857 | Orc:2    | Entered Level 2 of the Orcish Mines
 16857 | Orc:2    | Found a staircase to the Elven Halls.
 16857 | Orc:2    | Found Afofoarr's Antique Armour Boutique.
 17315 | Orc:2    | Noticed an orc warlord
 17351 | Orc:2    | Killed an orc warlord
 17456 | Orc:2    | Found Ylot's Antique Weapon Emporium.
 17517 | Orc:2    | Reached skill level 15 in Fighting
 17987 | Orc:2    | Found Siheynad's Book Shop.
 18143 | Orc:2    | Found Tacyts's General Store.
 18163 | Orc:2    | Found a burning altar of Makhleb.
 18282 | Orc:2    | Bought a pair of embroidered gloves for 187 gold pieces
 18295 | Orc:2    | Bought a glowing scale mail for 175 gold pieces
 18723 | D:10     | Entered Level 10 of the Dungeon
 18914 | D:10     | Reached skill level 1 in Translocations
 19011 | D:10     | Reached skill level 1 in Charms
 19425 | D:10     | Reached XP level 15. HP: 103/103 MP: 24/24
 19760 | D:11     | Noticed Fannar
 19774 | D:11     | Killed Fannar
 19873 | D:11     | Found a flagged portal.
 19892 | Bailey   | Entered a bailey
 19929 | Bailey   | Noticed MTVSty1e's ghost (novice GrMo)
 19951 | Bailey   | Killed MTVSty1e's ghost
 19965 | Bailey   | Noticed an orc warlord
 20047 | Bailey   | Found a runed gate.
 20062 | Bailey   | Found a runed gate.
 20107 | Bailey   | Found a runed gate.
 20281 | Bailey   | Killed an orc warlord
 20375 | Bailey   | Identified a scroll of acquirement
 20376 | Bailey   | Got a polished helmet
 20387 | Bailey   | Identified the +3 helmet "Paray" {rCorr Str+4 Dex-4} (You acquired it in a bailey)
 21220 | D:12     | Noticed Snorg
 21454 | D:12     | Killed Snorg
 21688 | D:12     | Noticed Josephine
 21708 | D:12     | Killed Josephine
 22554 | D:13     | Found a gate to the Vaults.
 22685 | D:13     | Reached XP level 16. HP: 112/112 MP: 25/25
 23105 | D:14     | Reached skill level 15 in Polearms
 23623 | D:14     | Found a runed door.
 23709 | D:14     | Got a heavily runed ivory ring
 23710 | D:14     | Identified the ring "Zuuheno" {rN++ Str+6 Slay+3 Stlth-} (You found it on level 14 of the Dungeon)
 23740 | D:14     | Got a pitted glaive
 23741 | D:14     | Identified Unoidgh's Catalogue of Unstable Summoning
 23942 | D:15     | Entered Level 15 of the Dungeon
 24305 | D:15     | Reached XP level 17. HP: 108/117 MP: 26/26
 24475 | D:15     | Reached skill level 5 in Shields
 24852 | D:15     | Found a staircase to the Depths.
 25164 | Lair:1   | Identified the cursed +3 glaive "Docvia Vayw" {chop, -Tele +Rage Str-5 SInv} (You found it on level 14 of the Dungeon)
 25397 | Swamp:1  | Entered Level 1 of the Swamp
 25948 | Swamp:1  | You are sucked into a shaft!
 26615 | Swamp:2  | Reached skill level 10 in Shields
 27270 | Swamp:2  | Noticed Frances
 27289 | Swamp:2  | Killed Frances
 28770 | Swamp:4  | Entered Level 4 of the Swamp
 28872 | Swamp:4  | Reached XP level 18. HP: 110/124 MP: 24/27
 29315 | Swamp:4  | Noticed the 27-headed Lernaean hydra
 29316 | Swamp:4  | Killed the 27-headed Lernaean hydra
 29408 | Swamp:4  | Got a decaying rune of Zot
 29779 | Spider:1 | Entered Level 1 of the Spider Nest
 29782 | Spider:1 | Reached skill level 15 in Shields
 29816 | Spider:1 | Reached skill level 1 in Stealth
 30288 | Spider:1 | Reached skill level 5 in Stealth
 30299 | Spider:1 | Learned a level 1 spell: Infusion
 30302 | Spider:1 | Learned a level 2 spell: Song of Slaying
 31538 | Spider:2 | Reached skill level 1 in Evocations
 32599 | Spider:4 | Entered Level 4 of the Spider Nest
 33008 | Spider:4 | Reached XP level 19. HP: 127/129 MP: 1/28
 34197 | Spider:4 | Reached skill level 10 in Invocations
 35003 | Spider:4 | Got a gossamer rune of Zot
 35234 | Slime:1  | Entered Level 1 of the Pits of Slime
 35522 | Elf:1    | Entered Level 1 of the Elven Halls
 35618 | Elf:1    | Got a smoking emerald amulet
 35619 | Elf:1    | Identified the amulet of Noptuss {Gourm Str+4} (You found it on level 1 of the Elven Halls)
 35695 | Elf:1    | Reached skill level 5 in Evocations
 35870 | Elf:1    | Found Qosoaraves's Food Shop.
 35894 | Elf:1    | Found Raocamm's Armour Shop.
 35961 | Elf:1    | Got a slimy plate armour
 35962 | Elf:1    | Identified the +4 plate armour "Dokyufira" {Int+2} (You found it on level 1 of the Elven Halls)
 36019 | Elf:1    | Got an ebony whip
 36020 | Elf:1    | Identified the +4 whip of Gustrele {drain, rN+} (You found it on level 1 of the Elven Halls)
 36031 | Elf:1    | Found Zupt's Antique Weapon Shoppe.
 36071 | Elf:1    | Got a glittering golden ring
 36073 | Elf:1    | Identified the ring "Kuampin" {+Fly rN+ MR+ AC+1} (You found it on level 1 of the Elven Halls)
 36128 | Elf:1    | Found Mewokh's Armour Emporium.
 36445 | Elf:2    | Found Deczed's General Store.
 36841 | Elf:2    | Found a runed gate.
 36841 | Elf:2    | Found a runed gate.
 36843 | Elf:2    | Found a runed gate.
 36974 | Elf:2    | Reached XP level 20. HP: 114/140 MP: 25/29
 37562 | Elf:3    | Entered Level 3 of the Elven Halls
 37641 | Elf:3    | Found Xiutwim's Gadget Shoppe.
 38192 | Elf:3    | Noticed Nikola
 38207 | Elf:3    | Killed Nikola
 38652 | Elf:3    | Reached skill level 10 in Evocations
 38833 | Elf:3    | Noticed a Brimstone Fiend
 39102 | Elf:3    | Noticed a Brimstone Fiend
 39279 | Elf:3    | Got a crude flail {drain}
 39282 | Elf:3    | Identified the +2 flail "Nalulal" {drain, rF- Str+5 Dex+3 SInv} (You took it off a deep elf sorcerer on level 3 of the Elven Halls)
 39829 | Elf:3    | Got a sapphire scimitar {slice}
 39839 | Elf:3    | Identified the cursed +3 scimitar "Ydghustro" {slice, Fragile +Inv Dex+3} (You took it off a deep elf sorcerer on level 3 of the Elven Halls)
 39962 | Elf:3    | Got a clouded golden ring
 39963 | Elf:3    | Identified the ring "Mesiro" {rElec rF+ Int+4} (You took it off a deep elf death mage on level 3 of the Elven Halls)
 39987 | Elf:3    | Reached XP level 21. HP: 140/148 MP: 28/30
 40000 | Elf:3    | Got an iridescent war axe {speed}
 40001 | Elf:3    | Identified the +8 war axe of Resourcefulness {speed, Fragile Str+7 Int+2 Dex-3} (You took it off a deep elf elementalist on level 3 of the Elven Halls)
 40700 | Depths:1 | Entered Level 1 of the Depths
 40864 | Depths:1 | Noticed a juggernaut
 40910 | D:15     | Killed a juggernaut
 41725 | Depths:1 | Found a one-way gate leading to the halls of Pandemonium.
 42142 | Depths:1 | Found a gateway to a ziggurat.
 42601 | Depths:1 | Found a gateway to Hell.
 42737 | Depths:2 | Found Ylinn's Assorted Antiques.
 43413 | Depths:2 | Reached XP level 22. HP: 149/157 MP: 29/31
 43777 | Depths:2 | Got a faintly glowing battleaxe
 43806 | Depths:2 | Identified the +9 battleaxe "Afucet" {vamp, *Slow +Blink rElec rPois} (You found it on level 2 of the Depths)
 45472 | Depths:3 | Paralysed by a floating eye for 3 turns
 46053 | Depths:3 | Found a runed gate.
 46059 | Depths:3 | Found a runed gate.
 46060 | Depths:3 | Found a runed gate.
 46061 | Depths:3 | Found a runed gate.
 46061 | Depths:3 | Found a runed gate.
 46061 | Depths:3 | Found a runed gate.
 46949 | Depths:3 | Reached XP level 23. HP: 117/165 MP: 24/32
 48268 | Depths:4 | Noticed a golden dragon
 48292 | Depths:4 | Killed a golden dragon
 48461 | Depths:4 | Found a one-way gate to the infinite horrors of the Abyss.
 48461 | Depths:4 | Noticed Louise
 48481 | Depths:4 | Killed Louise
 49200 | Depths:5 | Entered Level 5 of the Depths
 49388 | Depths:5 | Noticed a juggernaut
 49408 | Depths:5 | Killed a juggernaut
 49898 | Depths:5 | Found a burning altar of Makhleb.
 49900 | Depths:5 | Found a bloodstained altar of Trog.
 49902 | Depths:5 | Found a shadowy altar of Dithmenos.
 50297 | Vaults:1 | Entered Level 1 of the Vaults
 50538 | Vaults:1 | Found Ywoxit's Food Shoppe.
 50726 | Vaults:1 | Noticed dxctxrx's ghost (adept CeHu)
 50745 | Vaults:1 | Killed dxctxrx's ghost
 51260 | Vaults:1 | Reached skill level 15 in Armour
 51631 | Vaults:1 | Reached XP level 24. HP: 169/172 MP: 31/32
 52549 | Vaults:2 | Found a staircase to the Crypt.
 55093 | Vaults:3 | Upgraded the game from 0.20.0-8-g6b59dc7 to 0.20.0-10-g0535bb4
 55160 | Crypt:1  | Entered Level 1 of the Crypt
 55482 | Vaults:1 | Noticed Jorgrun
 55492 | Vaults:1 | Killed Jorgrun
 56104 | Crypt:1  | Noticed Boris
 56122 | Crypt:1  | Killed Boris
 56122 | Crypt:1  | Reached XP level 25. HP: 142/182 MP: 25/32
 56857 | Crypt:2  | Found a huge runed gate.
 56857 | Crypt:2  | Found a huge runed gate.
 56857 | Crypt:2  | Found a huge runed gate.
 56857 | Crypt:2  | Found a huge runed gate.
 56858 | Crypt:2  | Found a huge runed gate.
 56859 | Crypt:2  | Found a huge runed gate.
 56865 | Crypt:2  | Found a huge runed gate.
 56866 | Crypt:2  | Found a huge runed gate.
 56867 | Crypt:2  | Found a huge runed gate.
 56868 | Crypt:2  | Found a huge runed gate.
 56869 | Crypt:2  | Found a huge runed gate.
 56870 | Crypt:2  | Found a huge runed gate.
 57039 | Crypt:2  | Found a huge runed gate.
 57039 | Crypt:2  | Found a huge runed gate.
 57039 | Crypt:2  | Found a huge runed gate.
 57039 | Crypt:2  | Found a huge runed gate.
 57218 | Crypt:2  | Found a huge runed gate.
 57219 | Crypt:2  | Found a huge runed gate.
 57220 | Crypt:2  | Found a huge runed gate.
 57221 | Crypt:2  | Found a huge runed gate.
 57364 | Crypt:2  | Found a huge runed gate.
 57562 | Crypt:2  | Found a huge runed gate.
 57562 | Crypt:2  | Found a huge runed gate.
 57562 | Crypt:2  | Found a huge runed gate.
 57569 | Crypt:2  | Found a huge runed gate.
 57569 | Crypt:2  | Found a huge runed gate.
 57569 | Crypt:2  | Found a huge runed gate.
 57572 | Crypt:2  | Found a huge runed gate.
 57573 | Crypt:2  | Found a huge runed gate.
 57647 | Crypt:2  | Noticed an ancient lich
 57697 | Crypt:2  | Killed an ancient lich
 58357 | Crypt:3  | Entered Level 3 of the Crypt
 59382 | Crypt:3  | Found a staircase to the Tomb.
 59501 | Crypt:3  | Got a transparent ring mail
 59532 | Crypt:3  | Identified the cursed +1 ring mail of a volcano {rPois MR+++ Str+3 Dex-4} (You found it on level 3 of the Crypt)
 59867 | Crypt:3  | Found a basalt altar of Yredelemnul.
 60147 | Crypt:3  | Got a fine wooden ring
 60160 | Crypt:3  | Got a spiked leather armour
 60162 | Crypt:3  | Identified the Reference Book on Stolen Souls
 60224 | Crypt:3  | Identified the +0 leather armour of Cheibriados's Whim {rCorr} (You found it on level 3 of the Crypt)
 60226 | Crypt:3  | Identified the ring of Wyegewem {Int-3 Dex+4 Stlth-} (You found it on level 3 of the Crypt)
 60336 | Crypt:3  | Reached skill level 27 in Fighting
 60373 | Crypt:3  | Reached XP level 26. HP: 175/193 MP: 29/32
 61278 | Depths:3 | Found a hide-covered altar of Uskayaw.
 61593 | Depths:4 | Got an uncursed steaming scimitar {freeze}
 61594 | Depths:4 | Identified the +5 scimitar of Fotsucw {freeze, *Drain rPois Int+8 Dex+3} (You took it off a yaktaur captain on level 4 of the Depths)
 61607 | Depths:4 | Got an ancient mace {crush}
 61608 | Depths:4 | Identified the +5 mace "Huer" {crush, +Fly rElec rN+} (You took it off a yaktaur captain on level 4 of the Depths)
 63429 | Slime:2  | Gained mutation: Your body sometimes deteriorates upon taking damage. [a shining eye]
 63430 | Slime:2  | Gained mutation: You expend magic power (3 MP) to strengthen your wands. [a shining eye]
 63492 | Slime:2  | Gained mutation: Your spells are a little easier to cast, but a little less powerful. [a shining eye]
 63496 | Slime:2  | Gained mutation: Your magical capacity is low. (-10% MP) [a shining eye]
 63503 | Slime:2  | Gained mutation: You are dopey. (Int -2) [a shining eye]
 63505 | Slime:2  | Gained mutation: You occasionally shout uncontrollably at your foes. [a shining eye]
 63922 | Lair:1   | Lost mutation: You expend magic power (3 MP) to strengthen your wands. [potion of mutation]
 63922 | Lair:1   | Lost mutation: Your spells are a little easier to cast, but a little less powerful. [potion of mutation]
 63922 | Lair:1   | Lost mutation: Your body sometimes deteriorates upon taking damage. [potion of mutation]
 63922 | Lair:1   | Gained mutation: Potions are less effective at restoring your health. [potion of mutation]
 63922 | Lair:1   | Gained mutation: Armour fits poorly on your strangely shaped body. [potion of mutation]
 63922 | Lair:1   | Gained mutation: You have a pair of small horns on your head. [potion of mutation]
 63923 | Lair:1   | Lost mutation: You are dopey. (Int -2) [potion of mutation]
 63923 | Lair:1   | Lost mutation: Your magical capacity is low. (-10% MP) [potion of mutation]
 63923 | Lair:1   | Lost mutation: Potions are less effective at restoring your health. [potion of mutation]
 63923 | Lair:1   | Lost mutation: You have a pair of small horns on your head. [potion of mutation]
 63923 | Lair:1   | Gained mutation: You are clumsy. (Dex -2) [potion of mutation]
 63923 | Lair:1   | Gained mutation: You are somewhat resistant to further mutation. [potion of mutation]
 63924 | Lair:1   | Lost mutation: You are somewhat resistant to further mutation. [potion of mutation]
 63924 | Lair:1   | Lost mutation: Armour fits poorly on your strangely shaped body. [potion of mutation]
 63924 | Lair:1   | Gained mutation: Your spells are a little harder to cast, but a little more powerful. [potion of mutation]
 63924 | Lair:1   | Gained mutation: You have a pair of small horns on your head. [potion of mutation]
 63927 | Lair:1   | Lost mutation: You are clumsy. (Dex -2) [potion of mutation]
 63927 | Lair:1   | Lost mutation: You have a pair of small horns on your head. [potion of mutation]
 63927 | Lair:1   | Lost mutation: Your spells are a little harder to cast, but a little more powerful. [potion of mutation]
 63927 | Lair:1   | Gained mutation: You do not regenerate when monsters are visible. [potion of mutation]
 63927 | Lair:1   | Gained mutation: You are frail. (-10% HP) [potion of mutation]
 63927 | Lair:1   | Gained mutation: You are partially covered in large bone plates. (SH +4) [potion of mutation]
 63928 | Lair:1   | Lost mutation: You are frail. (-10% HP) [potion of mutation]
 63928 | Lair:1   | Lost mutation: You occasionally shout uncontrollably at your foes. [potion of mutation]
 63928 | Lair:1   | Lost mutation: You are partially covered in large bone plates. (SH +4) [potion of mutation]
 63928 | Lair:1   | Gained mutation: Armour fits poorly on your strangely shaped body. [potion of mutation]
 63928 | Lair:1   | Gained mutation: You possess an exceptional clarity of mind. [potion of mutation]
 63928 | Lair:1   | Gained mutation: You have an increased reservoir of magic. (+10% MP) [potion of mutation]
 63928 | Lair:1   | Gained mutation: Your skin changes colour to match your surroundings (Stealth+). [potion of mutation]
 63929 | Lair:1   | Lost mutation: You possess an exceptional clarity of mind. [potion of mutation]
 63929 | Lair:1   | Lost mutation: You have an increased reservoir of magic. (+10% MP) [potion of mutation]
 63929 | Lair:1   | Lost mutation: Armour fits poorly on your strangely shaped body. [potion of mutation]
 63929 | Lair:1   | Gained mutation: You have a pair of small antennae on your head. [potion of mutation]
 63929 | Lair:1   | Gained mutation: You possess an exceptional clarity of mind. [potion of mutation]
 63930 | Lair:1   | Lost mutation: You have a pair of small antennae on your head. [potion of mutation]
 63930 | Lair:1   | Lost mutation: You possess an exceptional clarity of mind. [potion of mutation]
 63930 | Lair:1   | Gained mutation: You are resistant to hostile enchantments. (MR+) [potion of mutation]
 63930 | Lair:1   | Lost mutation: You do not regenerate when monsters are visible. [potion of mutation]
 63930 | Lair:1   | Gained mutation: Your flesh is heat resistant. (rF+) [potion of mutation]
 64070 | Abyss:1  | Identified a +0 pair of boots of running (You acquired it on level 1 of the Abyss)
 64166 | Abyss:2  | Got a smoking chain mail
 64363 | Abyss:2  | Got a pair of spiked gloves
 64374 | Abyss:2  | Identified the -7 pair of gloves "Ammoeqou" {rF+} (You acquired it on level 2 of the Abyss)
 65209 | Abyss:5  | Entered Level 5 of the Abyss
 65231 | Abyss:5  | Found a corrupted altar of Lugonu.
 65407 | Abyss:5  | Reached XP level 27. HP: 97/199 MP: 27/33
 65813 | Abyss:5  | Gained mutation: Your magical capacity is low. (-10% MP) [a neqoxec]
 65864 | Abyss:5  | Paralysed by accursed screaming for 1 turns
 65898 | Abyss:5  | Reached skill level 15 in Invocations
 65903 | Abyss:5  | Paralysed by accursed screaming for 1 turns
 65917 | Lair:1   | Escaped the Abyss
 66716 | Depths:5 | Noticed a juggernaut
 66865 | Depths:5 | Paralysed by a floating eye for 4 turns
 67011 | Depths:5 | Paralysed by a floating eye for 2 turns
 67391 | Depths:5 | Noticed a juggernaut
 67412 | Depths:5 | Killed a juggernaut
 67431 | Depths:5 | Noticed a juggernaut
 67451 | Depths:5 | Killed a juggernaut
 67803 | Depths:5 | Noticed a juggernaut
 67835 | Depths:5 | Killed a juggernaut
 68729 | Depths:5 | Found a gate to the Realm of Zot.
 70308 | Vaults:4 | Paralysed by a floating eye for 2 turns
 70786 | Vaults:5 | Entered Level 5 of the Vaults
 71794 | Vaults:5 | Noticed an ancient lich
 71806 | Vaults:5 | Killed an ancient lich
 71840 | Vaults:5 | Got a coiled amber ring
 72784 | Vaults:5 | Identified the +8 chain mail "Orhaps" {rPois} (You found it on level 2 of the Abyss)
 72792 | Vaults:5 | Identified the ring of Berresa {rPois MR+ Str+8 Stlth+} (You took it off a deep elf archer on level 5 of the Vaults)
 72850 | Vaults:5 | Got a fine broad axe {venom}
 72867 | Vaults:5 | Found Lenid's Distillery.
 73057 | Vaults:5 | Identified the +8 broad axe of Havoc {venom, rF+} (You took it off an ironheart preserver on level 5 of the Vaults)
 73540 | Vaults:5 | Got a twitching iron ring
 73626 | Vaults:5 | Got a silver rune of Zot
 73700 | Vaults:5 | Identified the ring "Sedemimu" {rN++ MR+ Str-4 Int+4} (You took it off a deep elf death mage on level 5 of the Vaults)
 73836 | Vaults:5 | Got a spiked helmet
 73847 | Vaults:5 | Identified the +0 helmet "Nitexy" {+Inv Int+2} (You found it on level 5 of the Vaults)
 74206 | Tomb:1   | Entered Level 1 of the Tomb of the Ancients
 74640 | Tomb:1   | Noticed Frederick
 74656 | Tomb:1   | Killed Frederick
 74908 | Tomb:1   | Noticed a greater mummy
 74938 | Tomb:1   | Killed a greater mummy
 75152 | Tomb:1   | Noticed a greater mummy
 75211 | Tomb:1   | Killed a greater mummy
 75211 | Tomb:1   | Reached skill level 27 in Polearms
 75971 | Tomb:1   | Got an ivory great sword
 75972 | Tomb:1   | Identified the +8 great sword "Gargoyle's Regret" {protect, +Fly rF+ MR-} (You found it on level 1 of the Tomb of the Ancients)
 76074 | Tomb:2   | Noticed a greater mummy
 76162 | Tomb:2   | Noticed Jory
 76163 | Tomb:2   | Noticed a greater mummy
 76164 | Tomb:2   | Noticed a greater mummy
 76175 | Tomb:2   | Killed Jory
 76257 | Tomb:2   | Noticed a greater mummy
 76266 | Tomb:2   | Killed a greater mummy
 76672 | Tomb:2   | Killed a greater mummy
 76695 | Tomb:2   | Noticed a greater mummy
 76742 | Tomb:2   | Killed a greater mummy
 76762 | Tomb:2   | Killed a greater mummy
 76774 | Tomb:2   | Killed a greater mummy
 77623 | Tomb:1   | Noticed a greater mummy
 77636 | Tomb:1   | Killed a greater mummy
 77648 | Tomb:1   | Noticed a greater mummy
 77649 | Tomb:1   | Noticed a greater mummy
 77649 | Tomb:1   | Noticed a greater mummy
 77664 | Tomb:1   | Killed a greater mummy
 77676 | Tomb:1   | Killed a greater mummy
 77691 | Tomb:1   | Killed a greater mummy
 78112 | Tomb:1   | Noticed a greater mummy
 78131 | Tomb:1   | Noticed a greater mummy
 78133 | Tomb:1   | Killed a greater mummy
 78148 | Tomb:1   | Noticed a greater mummy
 78155 | Tomb:1   | Killed a greater mummy
 78789 | Lair:1   | Identified a +6 broad axe of distortion (a +4 broad axe corrupted by Lugonu)
 78789 | Lair:1   | Received a gift from Lugonu
 79209 | Zot:1    | Entered Level 1 of the Realm of Zot
 79601 | Zot:1    | Noticed an orb of fire
 79601 | Zot:1    | Gained mutation: You occasionally shout uncontrollably at your foes. [an orb of fire]
 79607 | Zot:1    | Gained mutation: Your spells are a little easier to cast, but a little less powerful. [an orb of fire]
 79608 | Zot:1    | Gained mutation: Your magical capacity is very low. (-20% MP) [an orb of fire]
 79616 | Zot:1    | Killed an orb of fire
 81408 | Zot:2    | Reached skill level 15 in Evocations
 82360 | Zot:3    | Noticed an orb of fire
 82368 | Zot:3    | Killed an orb of fire
 83650 | Zot:4    | Reached skill level 1 in Dodging
 84028 | Zot:5    | Entered Level 5 of the Realm of Zot
 84119 | Zot:5    | Reached skill level 5 in Dodging
 84371 | Zot:5    | Noticed an ancient lich
 84391 | Zot:5    | Banished an ancient lich
 84444 | Zot:5    | Noticed an ancient lich
 84447 | Zot:5    | Noticed an orb of fire
 84447 | Zot:5    | Noticed an orb of fire
 84452 | Zot:5    | Noticed an orb of fire
 84453 | Zot:5    | Noticed an orb of fire
 84454 | Zot:5    | Banished an orb of fire
 84455 | Zot:5    | Gained mutation: You are weak. (Str -2) [an orb of fire]
 84459 | Zot:5    | Noticed an orb of fire
 84463 | Zot:5    | Noticed an ancient lich
 84464 | Zot:5    | Killed an ancient lich
 84470 | Zot:5    | Gained mutation: You sometimes yell uncontrollably at your foes. [an orb of fire]
 84476 | Zot:5    | Noticed an ancient lich
 84476 | Zot:5    | Gained mutation: Potions are less effective at restoring your health. [an orb of fire]
 84477 | Zot:5    | Banished an orb of fire
 84484 | Zot:5    | Gained mutation: Armour fits poorly on your strangely shaped body. [an orb of fire]
 84488 | Zot:5    | Gained mutation: You frequently scream uncontrollably at your foes. [an orb of fire]
 84489 | Zot:5    | Killed an orb of fire
 84497 | Zot:5    | Killed an ancient lich
 84499 | Zot:5    | Gained mutation: You expend magic power (3 MP) to strengthen your wands. [an orb of fire]
 84514 | Zot:5    | Killed an orb of fire
 84525 | Zot:5    | Noticed an ancient lich
 84585 | Zot:4    | HP: 4/199 [something/shard of ice (32)]
 85185 | Zot:5    | Killed an ancient lich
 85509 | Zot:5    | Noticed an ancient lich
 85530 | Zot:5    | Killed an ancient lich
 85610 | Zot:5    | Killed an orb of fire
 86046 | Zot:5    | Got the Orb of Zot
 86117 | Zot:5    | Killed an ancient lich
 86135 | Zot:5    | Noticed Meroheus the pandemonium lord
 86246 | Zot:1    | Noticed Zacon the pandemonium lord
 86296 | Depths:5 | Gained mutation: You are frail. (-10% HP) [a neqoxec]
 86304 | Depths:5 | Gained mutation: Your magical capacity is extremely low. (-30% MP) [a neqoxec]
 86434 | D:14     | Noticed a seraph
 86441 | D:14     | Noticed Silegg the pandemonium lord
 86795 | D:$      | Escaped with the Orb!

Skill      XL: |  1  2  3  4  5  6  7  8  9 10 11 12 13 14 15 16 17 18 19 20 21 22 23 24 25 26 27 |
---------------+----------------------------------------------------------------------------------+-----
Polearms       | 2 3 4 5 6 7 9 11 13 14 16 18 19 20 21 22 27 | 27.0
Fighting       | 5 7 9 10 12 13 15 16 17 19 21 22 23 25 27 | 27.0
Armour         | 6 7 12 15 16 21 | 21.3
Spellcasting   | 3 6 |  6.0
Invocations    | 6 7 9 10 13 15 | 15.1
Shields        | 4 13 15 24 | 24.5
Staves         | 2 |  2.2
Translocations | 1 3 4 |  4.3
Charms         | 1 3 4 |  4.3
Stealth        | 5 |  5.0
Evocations     | 4 6 10 16 | 16.0
Dodging        | 5 |  5.0

Action                   |  1- 3 |  4- 6 |  7- 9 | 10-12 | 13-15 | 16-18 | 19-21 | 22-24 | 25-27 || total
-------------------------+-------+-------+-------+-------+-------+-------+-------+-------+-------++-------
Melee: Trident           |   104 |   230 |       |       |       |       |       |       |       ||   334
       Spear             |       |     1 |   254 |   582 |  1347 |  1698 |  1881 |  2547 |  5202 || 13512
       Quarterstaff      |       |       |       |       |     8 |       |       |       |       ||     8
       Broad axe         |       |       |       |       |       |       |       |       |   991 ||   991
 Cast: Shroud of Golubri |       |       |       |       |     2 |       |       |       |       ||     2
       Infusion          |       |       |       |       |       |     1 |     2 |       |       ||     3
       Song of Slaying   |       |       |       |       |       |       |     1 |       |       ||     1
Invok: Depart the Abyss  |       |     1 |       |       |       |       |       |       |       ||     1
       Bend Space        |       |       |       |       |     1 |       |       |       |       ||     1
       Enter the Abyss   |       |       |       |       |       |       |       |       |     1 ||     1
       Brand Weapon With |       |       |       |       |       |       |       |       |     1 ||     1
 Abil: Fly               |       |       |       |       |     1 |       |       |       |       ||     1
       Evoke Invisibilit |       |       |       |       |       |       |       |       |     1 ||     1
Evoke: Wand              |       |       |       |       |     1 |       |     2 |     2 |     5 ||    10
       Phantom mirror    |       |       |       |       |       |     1 |       |       |       ||     1
       Sack of spiders   |       |       |       |       |       |       |       |       |     1 ||     1
  Use: Scroll            |       |     6 |     1 |    16 |    12 |    19 |    18 |     8 |    40 ||   120
       Potion            |       |       |     3 |     7 |     4 |       |     2 |     8 |    35 ||    59
 Stab: Distracted        |       |       |     1 |       |     3 |     3 |       |       |     3 ||    10
       Sleeping          |       |       |       |       |    12 |    16 |     5 |       |       ||    33
       Confused          |       |       |       |       |       |     2 |       |       |       ||     2
  Eat: Chunk             |     1 |     6 |     9 |    17 |    27 |    19 |    20 |    27 |    20 ||   146
       Fruit             |       |     1 |       |       |     7 |     7 |     7 |     9 |     9 ||    40
       Royal jelly       |       |       |     1 |       |     1 |     1 |     3 |     1 |    15 ||    22
       Bread ration      |       |       |       |       |       |     2 |       |     1 |     5 ||     8
       Meat ration       |       |       |       |       |       |       |       |       |     5 ||     5
Armor: Scale mail        |    54 |    89 |    85 |    83 |    12 |       |       |       |       ||   323
       Plate armour      |       |       |       |   109 |   219 |       |       |       |       ||   328
       Ring mail         |       |       |       |       |   157 |       |       |       |       ||   157
       Shadow dragon sca |       |       |       |       |   107 |   959 |   251 |       |       ||  1317
       Crystal plate arm |       |       |       |       |       |       |   632 |  1347 |  3243 ||  5222
Dodge: Dodged            |    29 |    57 |    36 |    76 |   268 |   447 |   244 |   399 |  1032 ||  2588
Block: Shield            |    57 |    97 |    83 |   164 |   150 |   337 |   890 |  1429 |  3810 ||  7017
       Buckler           |       |       |       |       |    93 |   207 |       |       |       ||   300
